Map: Dash and Terminal LE (Void)

Players

wabbajack - Winner!

  • Race: Zerg Zerg
  • League: Bronze

nergal

  • Race: Zerg Zerg
  • League: Bronze

VOD

Have the link to the VOD?

Description

Time

  • Played on: July 16, 2015, 6:53 p.m.
  • Length: 2:50
Show
View Real Time Build Order
Export as new Build Order

wabbajack Zerg - Winner!

Build Orders: Hatch First 

Get SALT Encoding   

  12  0:02  Drone  
  13  0:14  Overlord  
  13  0:22  Drone  
  13  0:27  Drone, Extractor  
  15  0:32  Drone  
  16  0:37  Drone  
  17  0:58  Hatchery  
  16  1:07  Extractor  
  16  1:08  Drone x3  
  18  1:23  Spawning Pool  
  17  1:28  Drone  
  18  1:33  Drone  
  19  1:47  Overlord  
  20  2:09  Queen  
  20  2:12  Spine Crawler  
  20  2:15  Spine Crawler, Zergling x4  
  21  2:16  Spine Crawler, Zergling x2  
  21  2:20  Roach Warren  
Show
View Real Time Build Order
Export as new Build Order

nergal Zerg 

Build Orders: Pool Only 

Get SALT Encoding   

  12  0:01  Drone  
  13  0:23  Spawning Pool  
  12  0:28  Drone  
  12  0:29  Drone  
  14  0:38  Overlord  
  14  1:10  Zergling x6  
  17  1:20  Queen  
  17  1:22  Zergling x2  
  20  1:36  Zergling x2  
  21  1:44  Zergling x2  
  22  1:47  Extractor  
  22  1:48  Extractor  
  20  1:55  Zergling x2  
  23  2:09  Spine Crawler  
  21  2:33  Zergling x2  
Tags
 
Add a new tag
Caveats
  • Supply blocks, unpowered buildings, or Contaminate may cause inaccurate times.
  • Supply counts are checked every 10 seconds.